 Dungeon Crawl Stone Soup version 0.29-a0-275-g389c0b56f3 (webtiles) character file.

Game seed: 15728176210089965540

46 spaghetti the Skirmisher (level 3, -5/31 HPs)
             Began as a Demonspawn Chaos Knight on Mar 12, 2022.
             Was a Plaything of Xom.
             Slain by Jessica
             ... wielding a +5 club
              (9 damage)
             ... on level 2 of the Dungeon.
             The game lasted 00:03:27 (1240 turns).

spaghetti the Skirmisher (Demonspawn Chaos Knight)  Turns: 1240, Time: 00:03:28

Health: -5/31      AC:  7    Str: 11 (14) XL:     3   Next: 46%
Magic:  3/3        EV: 11    Int: 18 (19) God:    Xom [......]
Gold:   41         SH:  0    Dex:  9 (12) Spells: 2/2 levels left

rFire   . . .      SeeInvis .   a - +1 short sword (chaos) {short}
rCold   . . .      Faith    .   (no shield)
rNeg    . . .      Spirit   .   b - +2 leather armour
rPois   .          Reflect  .   (no helmet)
rElec   .          Harm     .   (no cloak)
rCorr   .          Rampage  .   (no gloves)
Will    .....                   (no boots)
Stlth   +.........              (no amulet)
HPRegen 0.10/turn               f - +6 ring of intelligence
MPRegen 0.08/turn               (no ring)

@: attractive
A: slimy green scales 1, powered by pain 1
a: Renounce Religion


You were on level 2 of the Dungeon.
You worshipped Xom.
You were a very special plaything of Xom.
You visited 1 branch of the dungeon, and saw 2 of its levels.

You collected 41 gold pieces.


Innate Abilities, Weirdness & Mutations

You are partially covered in slimy green scales. (AC +2)
You sometimes gain a little power by taking damage.


   Skills:
 + Level 4.5 Fighting
 - Level 2.6 Short Blades
 - Level 1.7 Armour
 - Level 0.8 Dodging


You had 2 spell levels left.
You didn't know any spells.
Your spell library was empty.

Inventory:

Hand Weapons
 a - a +1 short sword of chaos (weapon) {short}
Missiles
 d - a stone {throwing}
Armour
 b - a +2 leather armour (worn)
Jewellery
 f - a +6 ring of intelligence (left hand)
   (You found it on level 1 of the Dungeon)
Scrolls
 e - a scroll of identify {@r1}
Potions
 g - a potion of degeneration {!q@e2}
Miscellaneous
 c - a piece from Xom's chessboard (inert) (quivered)

Dungeon Overview and Level Annotations

Branches:
Dungeon (2/15)

Altars:

Annotations:
D:2 Jessica, Robin, Terence

......b.... .. ...#...#....
...§...b..##.. ...##..#....
........§.....##.# ## .........
....§......§..##.#### #.##......
...........b§.##....# ... #......
..#......b..§b##....#.## #......
.............gg§........###.....†
..............#)B.......#.......#
........b.....#.@b..............#
.........b....##.@...............
.......###....##...#.....#.......
.........#....##..§#.....#.......
....#.......$............#.......
....#....................#.......
....###..................#.......
....# #..................#.......
....# #..................#.......


You could see Jessica (ally target), a giant cockroach, a hobgoblin (fleeing)
and a goblin (fleeing).


Message History

The hobgoblin misses your butterfly.
The hobgoblin completely misses your butterfly.
The hobgoblin closely misses your butterfly.
Terence is attracted toward you. The hobgoblin is attracted toward you.
The goblin is attracted toward you. The hobgoblin is attracted toward you.
The goblin is attracted toward you.
You see here 15 gold pieces.
Terence misses your butterfly.
The goblin closely misses your butterfly.
The hobgoblin starts to cry.
The hobgoblin misses your butterfly. Terence is attracted toward you.
The hobgoblin is attracted toward you. The goblin is attracted toward you. x2
The hobgoblin is attracted toward you.
It was a potion of degeneration.
There was something very wrong with that liquid.
You feel weakened.
You feel dopey.
You feel clumsy.
The goblin barely misses your butterfly.
The goblin hits your butterfly with a +0 dagger.
Your butterfly dies!
Your butterfly disappears in a puff of smoke!
The goblin is attracted toward you.
The hobgoblin is attracted toward you. x2
Unknown command.
Okay, then.
Non-targeted evoke: piece from Xom's chessboard (3/15)
Press: ? - help, Q - select action, (/) - cycle Dir - look around, f - activate
Okay, then.
Non-targeted evoke: piece from Xom's chessboard (3/15)
Press: ? - help, Q - select action, (/) - cycle Dir - look around, f - activate Look: a goblin, wielding a +0 club (fleeing)
You make a move on Xom's chessboard...
Your attack snaps the hobgoblin out of its fear.
The hobgoblin twists and deforms.
The goblin wails, "Help!"
The hobgoblin is attracted toward you. The goblin is attracted toward you.
The hobgoblin is attracted toward you.
Non-targeted evoke: piece from Xom's chessboard (2/15)
Press: ? - help, Q - select action, (/) - cycle Dir - look around, f - activate Look: a hobgoblin (fleeing)
You make a move on Xom's chessboard...
The hobgoblin seems to speed up.
The hobgoblin barely misses you. The goblin yells at you, "GO AWAY!"
The goblin completely misses your butterfly.
The hobgoblin misses your butterfly.
The hobgoblin is attracted toward you. x2
Non-targeted evoke: piece from Xom's chessboard (1/15)
Press: ? - help, Q - select action, (/) - cycle Dir - look around, f - activate Look: a hobgoblin (fleeing)
You make a move on Xom's chessboard...
Your attack snaps the goblin out of its fear.
The goblin suddenly stops moving!
The chess piece greys!
The hobgoblin hits you.
* * * LOW HITPOINT WARNING * * *
The goblin completely misses your butterfly.
The hobgoblin hits your butterfly.
Your butterfly dies!
Your butterfly disappears in a puff of smoke!
The goblin is attracted toward you.
The hobgoblin is attracted toward you. x2 😱 HP[-4]
You take 4 damage, and now have 4/31 hp.
Unknown command.
You closely miss the hobgoblin.
The hobgoblin hits you but does no damage.
The goblin hits your butterfly with a +0 dagger.
Your butterfly dies!
Your butterfly disappears in a puff of smoke!
Okay, then.
You completely miss the hobgoblin. The hobgoblin closely misses you.
A giant cockroach comes into view.
The hobgoblin hits you but does no damage.
The hobgoblin is attracted toward you. The goblin is attracted toward you.
The giant cockroach is attracted toward you.
You hit the hobgoblin. You freeze the hobgoblin.
You kill the hobgoblin!
The hobgoblin completely misses your butterfly.
The goblin is attracted toward you.
The giant cockroach completely misses your butterfly.
The goblin is attracted toward you.
The hobgoblin is attracted toward you. 😱 HP[+1]
The helpless goblin fails to defend itself.
You puncture the goblin!
You kill the goblin!
The hobgoblin is attracted toward you. The goblin is attracted toward you.
Jessica is attracted toward you.
Okay, then.
Okay, then.
You hit the hobgoblin.
Your butterfly disappears in a puff of smoke!
The hobgoblin hits you.
* * * LOW HITPOINT WARNING * * *
The goblin misses your butterfly.
The giant cockroach is attracted toward you.
Jessica is attracted toward you. The goblin is attracted toward you.
The hobgoblin is attracted toward you. 😱 HP[-1]
You take 1 damage, and now have 4/31 hp.
You hit the hobgoblin but do no damage.
The hobgoblin is poisoned.
You kill the hobgoblin!
The giant cockroach bites you but does no damage.
Jessica hits you with a +5 club!
You die...

Skill      XL: |  1  2 |
---------------+-------+-----
Fighting       | 4 |  4.5
Short Blades   | |  2.6
Armour         | |  1.7
Dodging        | |  0.8

Action                   || total
-------------------------++-------
Melee: Short sword       ||   108
Evoke: Piece from Xom's  ||    16
  Use: Scroll            ||     3
       Potion            ||     3
 Stab: Petrified         ||     1
       Sleeping          ||     1
       Paralysed         ||     3
Armor: Leather armour    ||    60
Dodge: Dodged            ||    69

Levels and vault maps discovered:
D:1:      erik_arrival_orb_chamber, layout_loops_ring,
          ebering_ecumenical_altar_petrified, minmay_tromino_mix6
D:2:      layout_basic, uniq_terence, uniq_robin, uniq_jessica

Notes
Turn   | Place    | Note
-------+----------+-------------------------------------------
     0 | D:1      | spaghetti the Demonspawn Chaos Knight began the quest for
                  | the Orb.
     0 | D:1      | Reached XP level 1. HP: 18/18 MP: 1/1
     0 | D:1      | magus.rc [v1.9.6]
   138 | D:1      | XOM: divination: magic mapping
   241 | D:1      | XOM: butterfly on damage
   243 | D:1      | Gained mutation: You are partially covered in slimy green
                  | scales. (AC +2) [demonic ancestry]
   243 | D:1      | Reached XP level 2. HP: 16/24 MP: 2/2
   562 | D:1      | Reached skill level 4 in Fighting
   822 | D:1      | Found a faded altar of an unknown god.
   975 | D:2      | Noticed Robin
   987 | D:1      | Gained mutation: You sometimes gain a little power by
                  | taking damage. [demonic ancestry]
   987 | D:1      | Reached XP level 3. HP: 23/30 MP: 3/3
  1208 | D:2      | Noticed Jessica
  1218 | D:2      | Noticed Terence
  1223 | D:2      | XOM: butterfly on damage
  1224 | D:2      | HP: 7/31 [Jessica/+5 club (10)]
  1224 | D:2      | XOM: butterfly on damage
  1233 | D:2      | HP: 4/31 [hobgoblin[Robin] (4)]
  1239 | D:2      | HP: 4/31 [hobgoblin[Robin] (1)]
  1240 | D:2      | Slain by Jessica

Vanquished Creatures
  An adder (D:2)
  A dart slug (D:1)
  2 ball pythons
  An endoplasm (D:2)
  2 giant cockroaches (D:1)
  6 goblins
  5 hobgoblins
  2 kobolds (D:1)
  2 quokkas (D:1)
  4 bats
  5 frilled lizards
  2 rats
33 creatures vanquished.

Vanquished Creatures (others)
  A giant cockroach (D:1)
1 creature vanquished.

Grand Total: 34 creatures vanquished

Table legend:
 A = Non-vault XP
 B = Vault XP
 C = Vault XP percentage of total XP
 D = Non-vault monster count
 E = Vault monster count
 F = Vault count percentage of total count
                 A         B        C        D         E       F
            +---------+---------+-------+---------+---------+-------
      Total |      54 |      15 |  21.7 |      27 |       7 |  20.6
            +---------+---------+-------+---------+---------+-------
        D:1 |      31 |       9 |  22.5 |      19 |       4 |  17.4
        D:2 |      23 |       6 |  20.7 |       8 |       3 |  27.3
            +---------+---------+-------+---------+---------+-------

Illustrated notes

Table legend:
 A = Kills in this place as a percentage of kills in entire the game.
 B = Kills by you in this place as a percentage of kills by you in the entire game.
 C = Kills by friends in this place as a percentage of kills by friends in the entire game.
 D = Other kills in this place as a percentage of other kills in the entire game.
 E = Experience gained in this place as a percentage of experience gained in the entire game.
 F = Experience gained in this place divided by the number of levels of this place that you have seen.
                   A       B       C       D       E      F
               +-------+-------+-------+-------+-------+----------------------
         Total | 100.0 | 100.0 |   N/A | 100.0 | 100.0 |  34.5
       Dungeon | 100.0 | 100.0 |   N/A | 100.0 | 100.0 |  34.5
               +-------+-------+-------+-------+-------+----------------------

Table legend: (Time is in decaauts)
 A = Elapsed time spent in this place.
 B = Non-inter-level travel time spent in this place.
 C = Inter-level travel time spent in this place.
 D = Time resting spent in this place.
 E = Time spent auto-exploring this place.
 F = Levels seen in this place.
 G = Mean time per level.
                   A        B        C        D        E       F      G
               +--------+--------+--------+--------+--------+-----+--------+
         Total |   1236 |   1205 |     31 |      0 |    917 |   2 |  618.0 |
       Dungeon |   1236 |   1205 |     31 |      0 |    917 |   2 |  618.0 |
               +--------+--------+--------+--------+--------+-----+--------+

Top non-repeatable levels by time:
     D:1: 945 daAuts
     D:2: 291 daAuts
